[Event "*** Titled Tuesday Blitz"]
[Site "Chess.com"]
[Date "2020.04.28"]
[Round "3"]
[White "Akhayan"]
[Black "Szparu"]
[Result "0-1"]
[WhiteElo "2289"]
[BlackElo "2500"]
[TimeControl "180+1"]
[EndTime "10:29:10 PDT"]
[Termination "Szparu won by resignation"]

1. d4 Nf6 2. Nf3 g6 3. g3 Bg7 4. Bg2 d6 5. O-O O-O 6. c4 Nbd7 7. Nc3 Re8 8. b3 c6 9. Bb2 Qc7 10. e4 e5 11. dxe5 dxe5 12. Ba3 Nf8 13. Qe2 Bg4 14. h3 Bxf3 15. Qxf3 Ne6 16. Ne2 Nd4 17. Nxd4 exd4 18. Qd3 c5 19. Bc1 Nd7 20. Bf4 Be5 21. Bd2 a6 22. Rae1 b5 23. f4 bxc4 24. bxc4 Bg7 25. e5 Rab8 26. Bd5 Nb6 27. e6 Nxd5 28. cxd5 c4 29. d6 Qc5 30. Qf3 Rxe6 31. d7 Rd8 32. Rxe6 fxe6 33. Kg2 Rxd7 34. Qe4 Qd5 35. Re1 Qxe4+ 36. Rxe4 c3 37. Bc1 d3 38. Rxe6 d2 39.
Bxd2 cxd2 40. h4 d1=Q 0-1

[Event "*** Titled Tuesday Blitz"]
[Site "Chess.com"]
[Date "2020.04.28"]
[Round "3"]
[White "swimmerchess"]
[Black "Jungle_Jaguar"]
[Result "1-0"]
[WhiteElo "2860"]
[BlackElo "2631"]
[TimeControl "180+1"]
[EndTime "10:29:11 PDT"]
[Termination "swimmerchess won by resignation"]

1. e4 e5 2. Nf3 Nc6 3. Bb5 a6 4.
Ba4 Nf6 5. O-O Be7 6. Re1 b5 7.
Bb3 d6 8. c3 O-O 9. h3 Na5 10.
Bc2 c5 11. d4 Qc7 12. Nbd2 cxd4 13. cxd4 Nc6 14. Nb3 a5 15. Be3 a4 16. Nbd2 Nb4 17.
Bb1 Bb7 18. a3 Na6 19. Bd3 b4 20. Rc1 Qb8 21. dxe5 dxe5 22. Nc4 Nd7 23. Qxa4 Ndc5 24. Qc2 Rd8 25. Bxc5 Nxc5 26. Ncxe5 Nxd3 27. Nxd3 bxa3 28. bxa3 Rxa3 29. Nde5 Bf6 30. Nc6 Bxc6 31. Qxc6 Rxf3 32. gxf3 Qf4 33. Rcd1 Rf8 34. Re3 Be5 35. Qd5 Qh2+ 36. Kf1 Qxh3+ 37. Ke2 Bf4 38. Rc3 h6 39. Qd7 Qh2 40.
Rc8 Rxc8 41. Qxc8+ Kh7 42. Qf5+ 1-0

[Event "*** Titled Tuesday Blitz"]
[Site "Chess.com"]
[Date "2020.04.28"]
[Round "3"]
[White "Tayson_7"]
[Black "Rsnr"]
[Result "1-0"]
[WhiteElo "2646"]
[BlackElo "2843"]
[TimeControl "180+1"]
[EndTime "10:29:11 PDT"]
[Termination "Tayson_7 won by resignation"]

1. e4 c6 2. d4 d5 3. exd5 cxd5 4. Nf3 Nc6 5. Ne5 e6 6. Bb5 Bd7 7. Nxd7 Qxd7 8. c3 Bd6 9. O-O Nf6 10. Nd2 O-O 11.
Re1 Qc7 12. g3 Rae8 13. Nf3 Ne4 14. c4 Bb4 15. Re2 a6 16. Ba4 f5 17. c5 e5 18. a3 Bxc5 19. dxc5 d4 20. Qc2 Kh8 21. Rxe4 fxe4 22. Qxe4 Qf7 23. Kg2 h6 24. Bc2 g5 25.
Bd2 Qg7 26. h3 Rf6 27. Nh2 h5 28. Rf1 Ref8 29. Bxg5 R6f7 30. Bd2 Ne7 31. b4 Nf5 32. Nf3 Nd6 33. Qxe5 Rxf3 34. Qxd6 Rxa3 35. Bh6 1-0

[Event "*** Titled Tuesday Blitz"]
[Site "Chess.com"]
[Date "2020.04.28"]
[Round "3"]
[White "731291"]
[Black "WinningButNotReally"]
[Result "1-0"]
[WhiteElo "2676"]
[BlackElo "2420"]
[TimeControl "180+1"]
[EndTime "10:29:11 PDT"]
[Termination "731291 won by checkmate"]

1. d4 Nf6 2. Nf3 g6 3. Nbd2 d5 4. b4 Bg7 5. e3 O-O 6. Be2 a5 7. b5 a4 8. Ba3 c6 9. c4 Ne4 10. Nxe4 dxe4 11. Nd2 f5 12. O-O Re8 13. Rb1 e5 14. d5 Bf8 15. Bb2 cxb5 16. cxb5 b6 17. Nc4 Bb7 18. Nxe5 Bxd5 19. Qc2 Bg7 20.
Rfd1 Bxe5 21. Rxd5 Qf6 22. Rxe5 Rxe5 23. Qc8+ Kf7 24. Qb7+ Re7 25. Qxa8 Qd6 26. Rd1 Qb4 27.
Qxb8 Qxb2 28. Bc4+ Kg7 29. Qxb6 Kh6 30. g3 Qc2 31.
Qd4 Rc7 32. Bf1 Rb7 33. Rd2 Qb1 34. Kg2 Rc7 35. Rd1 Qxa2 36. Qe5 Rc2 37. Qf4+ g5 38. Rd6+ Kh5 39. Qxf5 a3 40. Qh3# 1-0

[Event "*** Titled Tuesday Blitz"]
[Site "Chess.com"]
[Date "2020.04.28"]
[Round "3"]
[White "gmelviro"]
[Black "OhanyanEminChess"]
[Result "0-1"]
[WhiteElo "2149"]
[BlackElo "2492"]
[TimeControl "180+1"]
[EndTime "10:29:11 PDT"]
[Termination "OhanyanEminChess won on time"]

1. c4 Nf6 2. g3 g6 3. Nc3 Bg7 4. Bg2 d6 5. d4 O-O 6. e3 c5 7. Nge2 Nc6 8. O-O Rb8 9. b3 Bg4 10. h3 Bxe2 11. Nxe2 Nd7 12. Bb2 Qc8 13. Rc1 a6 14.
Qd2 Rd8 15. Nf4 cxd4 16. exd4 e5 17. dxe5 dxe5 18. Nd5 Nc5 19. Rfd1 Ne6 20. Kh2 Kh8 21. f4 exf4 22. Bxg7+ Kxg7 23. Qb2+ Kh6 24. g4 Ng5 25. Qf2 f3 26. Qh4+ Kg7 27. Qxg5 fxg2 28. Qf6+ Kg8 29. Kxg2 Re8 30. Re1 Re6 31. Rxe6 Qxe6 32. Rf1 Qxf6 33. Rxf6 Re8 34. Rf2 Kg7 35. Kf1 Nd4 36. Kg2 Re1 37. Nf6 Nc6 38. g5 Ne5 39. Rd2 h6 40. h4 hxg5 41. hxg5 Nc6 42. Kf2 Re5 43. Rd5 Rf5+ 44. Kg3 Ne5 0-1

[Event "*** Titled Tuesday Blitz"]
[Site "Chess.com"]
[Date "2020.04.28"]
[Round "3"]
[White "MisiekZielony"]
[Black "Oglob71"]
[Result "0-1"]
[WhiteElo "2116"]
[BlackElo "2482"]
[TimeControl "180+1"]
[EndTime "10:29:11 PDT"]
[Termination "Oglob71 won on time"]

1. c4 Nf6 2. Nc3 c5 3. g3 e6 4. e4 Nc6 5. Bg2 d5 6. cxd5 exd5 7. exd5 Nb4 8. d3 Nbxd5 9. Nge2 Be7 10. O-O O-O 11. Nf4 Nb4 12. a3 Nc6 13. Nfd5 Nxd5 14. Nxd5 Be6 15. Nxe7+ Qxe7 16. Bxc6 bxc6 17. f3 Rad8 18.
Qc2 Bh3 19. Rd1 Rfe8 20. b4 cxb4 21. axb4 Qxb4 22. Bb2 Qb6+ 23. d4 Qb5 24. Re1 Qd5 25.
Qc3 h5 26. Re3 Rxe3 27. Qxe3 Rb8 28. Bc3 Bf5 29. Rc1 Be6 30. Qe4 Rb3 31. Qxd5 Bxd5 32. Kf2 Ra3 33. Ke3 f6 34. f4 Kf7 35. Kd2 Ke6 36. Ra1 Rxa1 37. Bxa1 Kf5 38. Ke3 Kg4 39.
Kf2 a5 40. Bb2 a4 41. Ba3 Kh3 42. Kg1 h4 43. gxh4 Kxh4 44. Kf2 Kg4 45. Bc1 Kh3 46. Kg1 Be4 47. Bb2 Bd5 48. Ba3 g6 49. Bb2 Kg4 50. Bc1 Kf3 51. Ba3 f5 52. Bc1 Ke2 53. Ba3 Kd2 0-1

[Event "*** Titled Tuesday Blitz"]
[Site "Chess.com"]
[Date "2020.04.28"]
[Round "3"]
[White "lupta_robin"]
[Black "stasiek18"]
[Result "1-0"]
[WhiteElo "2545"]
[BlackElo "2344"]
[TimeControl "180+1"]
[EndTime "10:29:12 PDT"]
[Termination "lupta_robin won on time"]

1. b3 e5 2. Bb2 Nc6 3. e3 Nf6 4. Nf3 d6 5. d4 e4 6. Nfd2 Bf5 7. c4 Qe7 8. Nc3 g5 9. d5 Ne5 10. Nb5 Bg7 11. h3 Bg6 12. Be2 h5 13. a4 a6 14. Nd4 O-O-O 15. a5 g4 16. b4 g3 17. fxg3 Bh6 18. Qb3 Nd3+ 19. Bxd3 exd3 20. O-O-O Qxe3 21.
Rhe1 Qxg3 22. b5 Bxd2+ 23. Kxd2 Qf4+ 24. Kc3 Ne4+ 25. Rxe4 Qxe4 26. bxa6 bxa6 27. Nc6 Kd7 28. Qa4 Kc8 29. Qb3 Kd7 30. Qa4 Kc8 31. Nd4 Rde8 32. Qc6 1-0

[Event "*** Titled Tuesday Blitz"]
[Site "Chess.com"]
[Date "2020.04.28"]
[Round "3"]
[White "Terao90"]
[Black "Blagorod"]
[Result "0-1"]
[WhiteElo "2326"]
[BlackElo "2141"]
[TimeControl "180+1"]
[EndTime "10:29:12 PDT"]
[Termination "Blagorod won by resignation"]

1. e4 e5 2. Nf3 Nf6 3. Nxe5 d6 4. Nf3 Nxe4 5. Nc3 Nxc3 6. dxc3 Be7 7. Be3 Be6 8. Qd2 Nc6 9. O-O-O Qd7 10. Kb1 O-O-O 11.
Nd4 a6 12. Be2 Bd5 13. Rhg1 Ne5 14. b3 Bc6 15. h3 g6 16. f4 f5 17. fxe5 dxe5 18.
Nxc6 Qxc6 19. Qe1 Rxd1+ 20. Bxd1 Rd8 21. Bc1 e4 22. Bb2 Bg5 23. c4 e3 24. Bf3 Qc5 25.
Bc3 b5 26. cxb5 axb5 27. Kb2 Be7 28. b4 Qa7 29. a3 Rd6 30. Qe2 Qb6 31. Rd1 Bg5 32. Rxd6 cxd6 33. g3 Kd7 34. h4 Be7 35. Qd3 h6 36. Bd4 Qc7 37. Qxe3 g5 38. Qe6+ Kxe6 39. hxg5 hxg5 40. Be2 f4 41. gxf4 gxf4 42. Bxb5 Qb7 43. Bc4+ d5 44. Bd3 Bxb4 45. Ka2 Qa8 46. Bb2 Bd6 47. Kb3 f3 48. a4 f2 49. Bd4 Qf8 50.
a5 f1=Q 0-1

[Event "*** Titled Tuesday Blitz"]
[Site "Chess.com"]
[Date "2020.04.28"]
[Round "3"]
[White "atwalcb"]
[Black "algatar2020"]
[Result "1-0"]
[WhiteElo "2275"]
[BlackElo "1868"]
[TimeControl "180+1"]
[EndTime "10:29:12 PDT"]
[Termination "atwalcb won by checkmate"]

1. d4 g6 2. e4 Bg7 3. Be3 d6 4. Nc3 Nf6 5. Qd2 c6 6. f3 Qc7 7. O-O-O b5 8. g4 a5 9. h4 a4 10. a3 Nbd7 11. g5 Nh5 12. d5 b4 13. axb4 a3 14. bxa3 Rxa3 15. Nb1 Ra1 16. Bd4 O-O 17. Bxg7 Nxg7 18. Qc3 Ra4 19. Qxc6 Qa7 20. Qc3 Ba6 21. Bxa6 Qxa6 22. Qc6 Qa7 23. c3 Ra2 24. Rd2 Ne5 25.
Qb5 Qe3 26. Qe2 Qxe2 27. Nxe2 Rxd2 28. Nxd2 Nxf3 29. Nxf3 Ra8 30. Kb2 Ne8 31. Ra1 Rc8 32. b5 Nc7 33. Ned4 Rb8 34. c4 Kf8 35. Nc6 Ra8 36.
Rxa8+ Nxa8 37. Kc3 f6 38. Kb4 Kg7 39. Ka5 h6 40.
Nxe7 fxg5 41. hxg5 h5 42. b6 Nxb6 43. Kxb6 Kf7 44. Nc8 Ke8 45. Nxd6+ Ke7 46. c5 Kd7 47. c6+ Ke7 48. c7 Kxd6 49. c8=Q Ke7 50. Qe6+ Kf8 51.
Qd7 Kg8 52. Kc6 h4 53. Nxh4 Kh8 54. Kd6 Kg8 55. Ke6 Kh8 56. Kf6 Kg8 57. Qg7# 1-0

[Event "*** Titled Tuesday Blitz"]
[Site "Chess.com"]
[Date "2020.04.28"]
[Round "3"]
[White "canary2016"]
[Black "Zarikovs1999"]
[Result "0-1"]
[WhiteElo "1854"]
[BlackElo "2274"]
[TimeControl "180+1"]
[EndTime "10:29:12 PDT"]
[Termination "Zarikovs1999 won on time"]

1. Nf3 d5 2. c4 d4 3. b4 c5 4. Bb2 Nc6 5. a3 f6 6. g3 e5 7. d3 Bd6 8. Bg2 Nge7 9. O-O O-O 10. Nbd2 cxb4 11. axb4 Bxb4 12. Qb3 a5 13. Ba3 Qd6 14.
c5+ Qe6 15. Nc4 Nd5 16. Bxb4 Ndxb4 17. Qb2 Qe7 18. Nb6 Ra6 19. Rfc1 Be6 20. Nd2 Rd8 21. Ne4 Nd5 22. Nd6 Nxb6 23. Nxb7 Qxb7 24. cxb6 Rxb6 25. Qc2 Nb4 26. Qc5 Bd5 27. Qxa5 Bxg2 28. f3 Bh3 29. Rab1 Nd5 30. Qa2 Be6 31. Rxb6 Qxb6 32. Rb1 Nc3 33. Rxb6 Bxa2 0-1

[Event "*** Titled Tuesday Blitz"]
[Site "Chess.com"]
[Date "2020.04.28"]
[Round "3"]
[White "Pomegranate988"]
[Black "Sethu0025"]
[Result "0-1"]
[WhiteElo "2456"]
[BlackElo "2830"]
[TimeControl "180+1"]
[EndTime "10:29:13 PDT"]
[Termination "Sethu0025 won by resignation"]

1. d4 d6 2. Nf3 g6 3. g3 Bg7 4. Bg2 Nf6 5. O-O O-O 6. c4 Nbd7 7. Nc3 e5 8. h3 Re8 9. e4 exd4 10. Nxd4 Nc5 11.
Re1 Bd7 12. Bf4 h6 13. Rb1 a5 14. b3 Qc8 15. Kh2 h5 16. Qd2 h4 17. gxh4 Nh5 18.
Bg3 Qd8 19. Nd5 Nxg3 20. fxg3 Be5 21. Nf4 Qf6 22. Rbd1 c6 23. Rf1 Qg7 24. Rfe1 Rad8 25. Nf3 Bc3 26. Qxd6 Bxe1 27. Qxc5 Bb4 28. Qb6 Qf8 29.
h5 Bd6 30. e5 g5 31. Nxg5 Bxe5 32. Ne4 Bf5 33. Rxd8 Rxd8 34. Qxa5 f6 35. Ng6 Bxg6 36. hxg6 Kg7 37. Qb6 Rd7 38. Nc5 Re7 39. Nxb7 Qb8 40.
Qxc6 Bxg3+ 41. Kg1 Re1+ 42. Bf1 Bh2+ 43. Kh1 Rxf1+ 44.
Kg2 Rg1+ 45. Kf2 Qg3+ 0-1

[Event "*** Titled Tuesday Blitz"]
[Site "Chess.com"]
[Date "2020.04.28"]
[Round "3"]
[White "PetrolulSah"]
[Black "eightbyeightchess"]
[Result "1-0"]
[WhiteElo "2211"]
[BlackElo "2485"]
[TimeControl "180+1"]
[EndTime "10:29:13 PDT"]
[Termination "PetrolulSah won by resignation"]

1. d4 d5 2. Nf3 Nf6 3. g3 c5 4. Bg2 Nc6 5. O-O Bg4 6. Ne5 Bf5 7. c4 e6 8. cxd5 exd5 9. Qa4 Qb6 10. dxc5 Bxc5 11.
Nc3 O-O 12. Qf4 Nxe5 13. Qxf5 Rfe8 14. Nxd5 Nxd5 15. Bxd5 Rad8 16. e4 g6 17. Qf4 Nd3 18. Qd2 Ne5 19. Qf4 Nd3 20. Qxf7+ Kh8 21. Bh6 Bd4 22.
Rad1 Nxb2 23. Rb1 Qd6 24. Be3 Bg7 25. Bg5 Rf8 26. Qxb7 Rb8 27. Qxa7 Nd3 28. Rxb8 Rxb8 29. Qe3 Nc5 30. Bf4 Be5 31. Bxe5+ Qxe5 32. Qxc5 Re8 33. Rd1 h5 34. Qd4 1-0

[Event "*** Titled Tuesday Blitz"]
[Site "Chess.com"]
[Date "2020.04.28"]
[Round "3"]
[White "Larisa004"]
[Black "kleopl"]
[Result "0-1"]
[WhiteElo "2102"]
[BlackElo "2482"]
[TimeControl "180+1"]
[EndTime "10:29:13 PDT"]
[Termination "kleopl won on time"]

1. e4 d5 2. exd5 Qxd5 3. Nc3 Qd6 4. d4 Nf6 5. Be2 Bf5 6. Nf3 c6 7. Be3 e6 8. O-O Be7 9. Ne5 O-O 10. a4 Nbd7 11. Nc4 Qc7 12. g3 Nd5 13. Nxd5 cxd5 14. Bf4 Qc6 15. Ne3 Be4 16. Bb5 Qc8 17. f3 Bg6 18. Bxd7 Qxd7 19. c3 Bd6 20. Bxd6 Qxd6 21.
Ng4 Rfc8 22. Ne5 Rab8 23. a5 Qc7 24. Qd2 b5 25. axb6 axb6 26. Ra3 b5 27. Rfa1 b4 28.
Ra7 Rb7 29. Rxb7 Qxb7 30. Nxg6 bxc3 31. bxc3 hxg6 32. Qd3 Qb2 33. Rb1 Qxc3 34. Qxc3 Rxc3 35. Rb8+ Kh7 36. Kf2 g5 37. f4 gxf4 38. gxf4 Rc2+ 39.
Kg3 Rc4 40. Rb7 Kg6 41. h4 Rxd4 42. h5+ Kf6 43. Rb1 Rd2 44. Kg4 Ra2 45. Rd1 Ra4 46.
Kf3 Kf5 47. Rg1 Rxf4+ 48. Ke3 Re4+ 49. Kd3 Kf6 50. Rf1+ Ke7 51. Rg1 Rh4 52. Rxg7 Rxh5 53. Rg3 Kd6 54. Rg1 f5 55. Re1 Rh3+ 56. Kd2 e5 0-1

[Event "*** Titled Tuesday Blitz"]
[Site "Chess.com"]
[Date "2020.04.28"]
[Round "3"]
[White "MichailovM"]
[Black "EddieMarsalla"]
[Result "1-0"]
[WhiteElo "2375"]
[BlackElo "2539"]
[TimeControl "180+1"]
[EndTime "10:29:14 PDT"]
[Termination "MichailovM won by checkmate"]

1. e4 c6 2. d4 d5 3. e5 Bf5 4.
h4 h5 5. c4 e6 6. Nc3 Ne7 7.
Nge2 Nd7 8. Bg5 Qb6 9. Rc1 dxc4 10. Ng3 Bg6 11. Bxc4 Qxb2 12. O-O Nd5 13. Na4 Qa3 14.
Bxd5 exd5 15. f4 Qxg3 16. f5 Bxf5 17. Rxf5 Be7 18. Bxe7 Kxe7 19. Qd2 a5 20. Rcf1 Rhf8 21.
Rg5 Qxh4 22. Rxg7 Kd8 23. e6 fxe6 24. Rxf8+ Nxf8 25. Nc5 Kc8 26. Qf2 Nd7 27. Qxh4 Nxc5 28. dxc5 Kb8 29. Qd8+ Ka7 30. Qb6+ Kb8 31. Qxb7# 1-0

[Event "*** Titled Tuesday Blitz"]
[Site "Chess.com"]
[Date "2020.04.28"]
[Round "3"]
[White "ZEN-22"]
[Black "ulkaf961"]
[Result "1/2-1/2"]
[WhiteElo "2490"]
[BlackElo "2193"]
[TimeControl "180+1"]
[EndTime "10:29:14 PDT"]
[Termination "Game drawn by repetition"]

1. e4 e6 2. Bc4 d5 3. Bb3 Nf6 4. Nc3 d4 5. e5 dxc3 6. exf6 Qxf6 7. dxc3 Bc5 8. Nf3 O-O 9. Bg5 Qg6 10. Qe2 a5 11. a4 b6 12. O-O Bb7 13. Bf4 Nd7 14.
Bg3 Nf6 15. Ne5 Qe4 16. Qxe4 Nxe4 17. Nd7 Rfc8 18. Nxc5 Nxc5 19. Bc4 Ne4 20. Rfd1 Nxg3 21. hxg3 Rd8 22. f3 Kf8 23. Kf2 Ke7 24. Ke3 Bc6 25. Rxd8 Rxd8 26. b4 Ra8 27. Bb3 f5 28. b5 Bb7 29. Re1 Kf6 30. Kf2 e5 31. g4 fxg4 32. fxg4 Rd8 33. Kg3 Rd2 34. Rf1+ Ke7 35. Rf7+ Kd6 36.
Rxg7 Rxg2+ 37. Kh3 Rg1 38. g5 e4 39. Rg8 e3 40. Re8 Re1 41. Kg3 Rg1+ 42. Kf4 Rf1+ 43. Kg3 Rg1+ 44. Kh3 Rh1+ 45. Kg4 Rg1+ 46. Kf5 Rf1+ 47.
Kg4 Rg1+ 48. Kh4 Rh1+ 49. Kg3 Rg1+ 1/2-1/2

[Event "*** Titled Tuesday Blitz"]
[Site "Chess.com"]
[Date "2020.04.28"]
[Round "3"]
[White "BakumanFM"]
[Black "Nikolaj_6"]
[Result "0-1"]
[WhiteElo "2248"]
[BlackElo "2606"]
[TimeControl "180+1"]
[EndTime "10:29:14 PDT"]
[Termination "Nikolaj_6 won on time"]

1. e4 c5 2. Nf3 d6 3. Bb5+ Bd7 4. c4 e5 5. Nc3 Nc6 6. O-O g6 7. d3 Bg7 8. a3 Nge7 9. Rb1 O-O 10. Be3 Bg4 11. h3 Bxf3 12. Qxf3 Nd4 13. Bxd4 cxd4 14. Nd5 Nxd5 15. exd5 f5 16. b4 a5 17. c5 axb4 18. axb4 Ra3 19. Qe2 dxc5 20. bxc5 Kh8 21. Bc4 Qc7 22. Rb5 Rc3 23. Rfb1 e4 24. Rxb7 Qxc5 25. R7b5 Qd6 26. Rb6 exd3 27. Rxd6 dxe2 28.
Bxe2 d3 29. Bf3 d2 30. Rd1 Rc1 31. Kf1 Bh6 32. Rc6 Re8 33. Re6 Rxe6 34. dxe6 Kg7 35.
Ke2 Kf6 36. Bd5 Rc5 37. Ba2 Re5+ 38. Kd3 Re1 39. Bb3 Ke7 40. g3 Rxd1 41. Bxd1 Kxe6 42.
f4 g5 43. fxg5 Bxg5 44. h4 Bh6 45. Ke2 Ke5 46. Kf3 Bf8 47. Ke3 Bb4 48. Bc2 h6 49.
h5 Kf6 50. Kf4 Bd6+ 51. Ke3 Kg5 0-1

[Event "*** Titled Tuesday Blitz"]
[Site "Chess.com"]
[Date "2020.04.28"]
[Round "3"]
[White "saisree"]
[Black "Tall-guy"]
[Result "1/2-1/2"]
[WhiteElo "2314"]
[BlackElo "2106"]
[TimeControl "180+1"]
[EndTime "10:29:14 PDT"]
[Termination "Game drawn by repetition"]

1. e4 c5 2. Nf3 Nc6 3. d4 cxd4 4.
Nxd4 Nf6 5. Nc3 e5 6. Ndb5 d6 7. Bg5 a6 8. Na3 b5 9. Nd5 Qa5+ 10. Bd2 Qd8 11. Bg5 Qa5+ 12. Bd2 Qd8 13. Bd3 Nxd5 14. exd5 Ne7 15. O-O g6 16. c4 Bg7 17. cxb5 O-O 18. Bc4 e4 19. Bc3 Bxc3 20. bxc3 Nf5 21. Re1 Re8 22.
Qc2 Qa5 23. Qb3 e3 24. fxe3 Nxe3 25. Bd3 Bb7 26. c4 Qb6 27. Kh1 axb5 28. Nxb5 Rab8 29. a4 Qc5 30. Re2 Re5 31. Rae1 Rbe8 32. Nxd6 Qxd6 33.
Qxb7 Rh5 34. g4 Qg3 35. gxh5 Qf3+ 36. Kg1 Qg4+ 37. Kf2 Qf4+ 38. Kg1 Qg4+ 39. Kh1 Qf3+ 40. Kg1 Qg4+ 1/2-1/2

[Event "*** Titled Tuesday Blitz"]
[Site "Chess.com"]
[Date "2020.04.28"]
[Round "3"]
[White "varacalli"]
[Black "Ashedu66"]
[Result "0-1"]
[WhiteElo "2305"]
[BlackElo "2110"]
[TimeControl "180+1"]
[EndTime "10:29:14 PDT"]
[Termination "Ashedu66 won by checkmate"]

1. e4 e5 2. Nf3 Nc6 3. Bc4 Bc5 4. d3 Nf6 5. O-O a6 6. c3 Ba7 7. Nbd2 O-O 8. h3 d5 9. exd5 Nxd5 10. Re1 Nf4 11. Ne4 Na5 12. Nxe5 Nxc4 13. dxc4 Qxd1 14. Rxd1 Ne2+ 15. Kf1 Nxc1 16. Raxc1 Be6 17. b3 Rad8 18.
Nf3 h6 19. Ke2 Bf5 20. Ng3 Rfe8+ 21. Kf1 Bg6 22. Nd4 Kf8 23. Ngf5 c5 24. Nxg7 Kxg7 25. Nf3 Bb8 26. g4 Bf4 27. Ra1 Bd3+ 28. Kg2 Be2 29. Rxd8 Rxd8 30. Re1 Bxf3+ 31. Kxf3 Bg5 32. Kg3 Rd3+ 33.
f3 Rxc3 34. h4 Bf6 35. Re2 a5 36. Rd2 Be5+ 37. Kg2 Bd4 38. Re2 Re3 39. Rd2 Kf6 40.
Kg3 Ke5 41. h5 f6 42. Kg2 Kf4 43. Rd1 Re2+ 44. Kh3 Kxf3 45. Rf1+ Rf2 46. Re1 Be5 47. Rh1 Rxa2 48. Rf1+ Rf2 49. Rh1 Bf4 50. g5 fxg5 51.
b4 g4+ 52. Kh4 cxb4 53. c5 Rh2+ 54. Rxh2 Bxh2 55. c6 Bg3# 0-1

[Event "*** Titled Tuesday Blitz"]
[Site "Chess.com"]
[Date "2020.04.28"]
[Round "3"]
[White "Durarbayli"]
[Black "Zq1"]
[Result "1-0"]
[WhiteElo "2784"]
[BlackElo "2598"]
[TimeControl "180+1"]
[EndTime "10:29:15 PDT"]
[Termination "Durarbayli won by resignation"]

1. e4 c5 2. Nf3 d6 3. d4 cxd4 4. Nxd4 Nf6 5. Nc3 Nc6 6. f3 Nxd4 7. Qxd4 g6 8. Be3 Bg7 9. Qd2 O-O 10. Bc4 Be6 11.
Bb3 a5 12. O-O Rc8 13. Bd4 Bc4 14. Rfe1 b5 15. Bxc4 bxc4 16. a4 Nd7 17. Bxg7 Kxg7 18. Nd5 Kg8 19. Red1 Rb8 20. Qc3 Nf6 21. Nxf6+ exf6 22. Kh1 Rb4 23. h3 Kg7 24. Rd5 Qb6 25. Rad1 Rd8 26.
b3 cxb3 27. cxb3 Rxb3 28. Qxa5 Qxa5 29. Rxa5 Ra3 30. Ra7 Ra2 31. Rc1 Rb8 32. Rcc7 Rb1+ 33. Kh2 Rbb2 34. Rxf7+ Kh6 35. Kg3 Rxg2+ 36. Kf4 1-0

[Event "*** Titled Tuesday Blitz"]
[Site "Chess.com"]
[Date "2020.04.28"]
[Round "3"]
[White "ajian"]
[Black "KingChess345"]
[Result "1-0"]
[WhiteElo "2343"]
[BlackElo "2133"]
[TimeControl "180+1"]
[EndTime "10:29:15 PDT"]
[Termination "ajian won on time"]

1. d4 c5 2. d5 g6 3. c4 Nf6 4. Nc3 e6 5. Nf3 exd5 6. cxd5 d6 7. Bf4 a6 8. a4 Bg7 9. e3 O-O 10. h3 Re8 11. Bd3 Qe7 12. O-O Nbd7 13. Re1 Rb8 14. e4 Nh5 15. Be3 Ne5 16. Be2 Nxf3+ 17. Bxf3 Nf6 18. a5 b5 19. axb6 Rxb6 20. Qc2 Qb7 21. Na4 Rb4 22. Bd2 Rb5 23. Be2 Rxe4 24. Bxb5 Rxe1+ 25. Rxe1 axb5 26. Nc3 Bf5 27. Qb3 b4 28. g4 Bd7 29. Ne4 Nxd5 30. Nxd6 Qc6 31. Ne4 Be6 32. Qf3 Bxb2 33. Bg5 1-0

[Event "*** Titled Tuesday Blitz"]
[Site "Chess.com"]
[Date "2020.04.28"]
[Round "3"]
[White "isla88"]
[Black "eldur16"]
[Result "0-1"]
[WhiteElo "2312"]
[BlackElo "2581"]
[TimeControl "180+1"]
[EndTime "10:29:16 PDT"]
[Termination "eldur16 won by resignation"]

1. c4 g6 2. Nc3 Bg7 3. d4 d6 4. e4 Nf6 5. h3 O-O 6. Be3 e5 7. d5 a5 8. g4 h5 9. Be2 hxg4 10. hxg4 Na6 11. Qd2 Nc5 12. f3 Nh7 13. Bh6 Qf6 14. Nb5 c6 15. Bxg7 Qxg7 16. Nxd6 Qf6 17. Qh6 Qg7 18.
Qxg7+ Kxg7 19. Nxc8 Rfxc8 20. Kd2 Ng5 21. Nh3 Kf6 22.
Nxg5 Kxg5 23. Ke3 cxd5 24. cxd5 Na4 25. Rab1 Rc5 26. Rh7 Rf8 27. Bd1 Nb6 28. Be2 Nc8 29.
b4 axb4 30. Rxb4 Nd6 31. Rb6 Rd8 32. Rh1 Rc2 33. a4 Ra2 34. Rb4 Rc8 35. Bd3 Rc3 36. Rhb1 Raa3 37. Rd1 Nc4+ 38. Ke2 Ra2+ 39. Kf1 Ne3+ 40.
Ke1 Nxd1 41. Bb1 Rb2 0-1

[Event "*** Titled Tuesday Blitz"]
[Site "Chess.com"]
[Date "2020.04.28"]
[Round "3"]
[White "AndrewMaco"]
[Black "Guenplen"]
[Result "0-1"]
[WhiteElo "2652"]
[BlackElo "2956"]
[TimeControl "180+1"]
[EndTime "10:29:17 PDT"]
[Termination "Guenplen won by resignation"]

1. e4 c5 2. Nf3 e6 3. g3 Nc6 4.
Bg2 Nf6 5. Nc3 d6 6. O-O Be7 7. d3 Nd7 8. Nd2 O-O 9. f4 Rb8 10.
a4 a6 11. g4 b5 12. axb5 axb5 13. g5 b4 14. Ne2 Bb7 15. h4 Re8 16. Nf3 Ra8 17.
Rxa8 Qxa8 18. Ng3 Bf8 19. h5 Qa2 20. g6 fxg6 21. hxg6 h6 22. f5 Nf6 23. fxe6 Qxe6 24. Nf5 Ne7 25. N3h4 Nxf5 26. Nxf5 d5 27. Bh3 Qc6 28. e5 d4 29. Kh2 Rxe5 30. Qd2 h5 31.
Qg5 Re2+ 32. Kg3 Rg2+ 33. Kh4 Rxg5 34. Bxg5 Bc8 35. Re1 Bxf5 36. Bxf5 Qg2 37. Be6+ Kh8 38. Bxf6 Qf2+ 39. Kxh5 Qxe1 0-1

[Event "*** Titled Tuesday Blitz"]
[Site "Chess.com"]
[Date "2020.04.28"]
[Round "3"]
[White "SharapovEvgeny"]
[Black "agus_k"]
[Result "1-0"]
[WhiteElo "2318"]
[BlackElo "2591"]
[TimeControl "180+1"]
[EndTime "10:29:17 PDT"]
[Termination "SharapovEvgeny won by checkmate"]

1. e4 c6 2. d4 d5 3. Nc3 a6 4. Nf3 Bg4 5. Be3 Nf6 6. e5 Nfd7 7. h3 Bxf3 8. Qxf3 e6 9. O-O-O c5 10. dxc5 Nxe5 11. Qg3 Nbc6 12. f4 Nd7 13. f5 Qa5 14.
fxe6 fxe6 15. Qg4 Nd8 16. Bd3 Nf6 17. Qg3 Rc8 18. Rhe1 Kf7 19. Qf3 Bxc5 20. Bxc5 Rxc5 21. g4 h6 22. h4 Rxc3 23. bxc3 Ke7 24. g5 hxg5 25.
hxg5 Nd7 26. Bf5 Qa3+ 27. Kb1 Nb6 28. Bxe6 Nxe6 29. Rxe6+ Kxe6 30. Qe3+ Kf5 31. Rf1+ Kg6 32. Qe6+ Kxg5 33. Rg1+ Kf4 34. Rf1+ Kg5 35. Qf5+ Kh4 36.
Rh1+ Kg3 37. Rg1+ Kh2 38. Qf2+ Kh3 39. Qg3# 1-0

[Event "*** Titled Tuesday Blitz"]
[Site "Chess.com"]
[Date "2020.04.28"]
[Round "3"]
[White "SlavenPastar"]
[Black "Bathory44"]
[Result "1/2-1/2"]
[WhiteElo "2380"]
[BlackElo "2567"]
[TimeControl "180+1"]
[EndTime "10:29:17 PDT"]
[Termination "Game drawn by repetition"]

1. d4 Nf6 2. c4 g6 3. Nc3 Bg7 4. Bg5 O-O 5. Nf3 c5 6. d5 h6 7. Bh4 d6 8. e3 e6 9. Be2 exd5 10. cxd5 a6 11. a4 Bg4 12. h3 Bxf3 13. Bxf3 Nbd7 14. O-O c4 15. Be2 Rc8 16. Bg3 Qe7 17. a5 Rc5 18.
Ra4 Rfc8 19. Rb4 R8c7 20. Qd2 Rxa5 21. Bxc4 Rac5 22. Be2 Ne5 23. f4 Nc4 24. Bxc4 Rxc4 25. Rxc4 Rxc4 26. Qd3 b5 27. Ra1 Ne4 28. Nxe4 Rxe4 29.
Bf2 Bxb2 30. Rxa6 b4 31. Rb6 Bc3 32. g4 Qc7 33. Rc6 Qe7 34. Kg2 Kh7 35. Kf3 f5 36.
Rb6 h5 37. g5 Bg7 38. Qb5 h4 39. Rb7 Rxf4+ 40. Ke2 Qe4 41. Rxg7+ Kxg7 42. Qd7+ Kg8 43. Qd8+ Kg7 44. Qd7+ Kg8 45. Qd8+ Kg7 46. Qd7+ 1/2-1/2

[Event "*** Titled Tuesday Blitz"]
[Site "Chess.com"]
[Date "2020.04.28"]
[Round "3"]
[White "MRBigtimer"]
[Black "awesomevishesh"]
[Result "1-0"]
[WhiteElo "2310"]
[BlackElo "2514"]
[TimeControl "180+1"]
[EndTime "10:29:17 PDT"]
[Termination "MRBigtimer won by resignation"]

1. e4 c5 2. Nf3 d6 3. Bb5+ Nd7 4. O-O a6 5. Bxd7+ Bxd7 6. d4 cxd4 7. Qxd4 e5 8. Qe3 b5 9. b3 Nf6 10. Bb2 Be7 11. Nbd2 O-O 12. c4 Qc7 13. Rac1 Qb7 14. Rfe1 Rfc8 15. h3 h6 16. Nh4 Be6 17. Nf5 Bf8 18. Qd3 Rc6 19. cxb5 axb5 20. Rxc6 Qxc6 21. Rc1 Qb6 22. a3 g6 23. Ne3 h5 24. Nd5 Nxd5 25.
exd5 Bf5 26. Ne4 Be7 27. Rc6 Qb7 28. Qe3 Ra6 29. Rxa6 Qxa6 30. f3 Qc8 31. Qc3 Qb7 32.
Qc6 Qa7+ 33. Kf1 Qe3 34. Qc3 Qf4 35. Bc1 Qh2 36. Be3 Qh1+ 37. Bg1 Bh4 38. Nxd6 Bxh3 39.
gxh3 Qxh3+ 40. Ke2 Qg2+ 41. Kd3 Qxg1 42. Ne4 Qf1+ 43.
Kc2 Qxf3 44. Qxf3 1-0